 Dungeon Crawl Stone Soup version 0.31.0-11-ge490571c62 (webtiles) character file.

Game seed: 6650106301999372876

121 Gadfly the Insei (level 4, -1/35 HPs)
             Began as a Demonspawn Monk on Feb 3, 2024.
             Splashed by a jelly's acid (9 damage)
             ... in a sewer.
             The game lasted 00:02:55 (2212 turns).

Gadfly the Insei (Demonspawn Monk)                  Turns: 2212, Time: 00:02:55

Health: -1/35      AC: -2    Str: 13    XL:     4   Next: 77%
Magic:  4/4        EV: 13    Int: 10    God:
Gold:   145        SH:  0    Dex: 16    Spells: 3/3 levels left

rFire   . .          .
                       - Unarmed
rCold   . . .        (no shield)
rNeg    . . .        a - +0 robe
rPois   .            (no helmet)
rElec   .            (no cloak)
rCorr   .            (no gloves)
SInv    +            (no boots)
Will    .....        (no amulet)
Stlth   +            f - ring of see invisible
HPRegen 0.25/turn    (no ring)
MPRegen 0.09/turn

%: no passive effects
@: confused, ambrosia-drunk, corroded
A: weakness stinger 2
a: no special abilities


You were in a sewer.
You visited 1 branch of the dungeon, and saw 3 of its levels.
You also visited: Sewer.

You collected 145 gold pieces.

Inventory:

Hand Weapons
 d - a +0 dagger of protection
Armour
 a - a +0 robe (worn)
 c - an orb of light
Jewellery
 f - a ring of see invisible (left hand)
Wands
 e - a wand of roots (16) (quivered)
Potions
 h - 2 potions of attraction
 i - a potion of heal wounds {unknown}


   Skills:
 - Level 3.0 Fighting
 + Level 3.2 Dodging
 * Level 3.5 Unarmed Combat
 * Level 2.1 Evocations
 * Level 1.6 Shapeshifting


You had 3 spell levels left.
You didn't know any spells.
Your spell library was empty.

Dungeon Overview and Level Annotations

Branches:
Dungeon (3/15)              Sewer (1/1)

Altars:


Innate Abilities, Weirdness & Mutations

You have a tail ending in a sharp stinger.


Message History

Found 2 scrolls labelled WIDESK DACWEU and a scroll of revelation.
Found a shimmering altar of Xom.
The rat squeaks loudly.
The jelly quivers.
A river rat comes into view.
The river rat squeaks loudly.
The jelly quivers.
You hit the jelly.
Your hands burn!
You tail-slap the jelly.
The jelly is severely wounded.
The jelly hits you.
You are splashed with acid!
You hit the jelly but do no damage.
Your hands burn!
The jelly is severely wounded.
The endoplasm quivers.
The giant cockroach closely misses you. The jelly hits you.
You are splashed with acid!
* * * LOW HITPOINT WARNING * * *
The jelly hits you but does no damage.
You aren't carrying any scrolls.
You are confused.
You feel invigorated.
The giant cockroach splashes around in the water.
The jelly closely misses you.
A frilled lizard comes into view.
The jelly hits you.
* * * LOW HITPOINT WARNING * * *
The acid corrodes you!
You are splashed with acid!
* * * LOW HITPOINT WARNING * * *
The frilled lizard hisses angrily.
The giant cockroach closely misses you.
You hit the jelly but do no damage.
Your hands burn!
* * * LOW HITPOINT WARNING * * *
The jelly is severely wounded.
The giant cockroach splashes around in the water.
A giant cockroach comes into view.
The giant cockroach closely misses you.
You are too confused!
You bump into the stone wall.
The jelly hits you.
* * * LOW HITPOINT WARNING * * *
You are splashed with acid!
You die...

####..#**,~,,~*,,~*,~**~,,**
.~~...# ***#.B#*,**~~**~,~,*
~.....# #.~.#**~,~***,,,*
####### *~~~.,,~∩***~~,,*
**~~~,,,** *,~~** *#~l****
**,~** #r~## **~~~*
#~.r####...** *#.@J.~..~#*
##JB..~..# #J.~~#### #~.~.#
##...# *?_?# *####


You could see 2 jellies, a river rat, an endoplasm, 2 giant cockroaches, a
frilled lizard and a rat.

Vanquished Creatures
  Terence (D:2)
  4 adders
  A river rat (D:3)
  4 bats
  5 endoplasms
  5 giant cockroaches
  3 goblins (D:1)
  6 hobgoblins
  4 jackals (D:2)
  2 kobolds (D:1)
  4 quokkas
  3 ball pythons
  3 frilled lizards
  A rat (Sewer)
46 creatures vanquished.

Notes
Turn   | Place    | Note
-------+----------+-------------------------------------------
     0 | D:1      | Gadfly the Demonspawn Monk began the quest for the Orb.
     0 | D:1      | Reached XP level 1. HP: 18/18 MP: 1/1
   291 | D:1      | You fall into a shaft and drop 1 floor!
   316 | D:2      | Gained mutation: You have a small tail. [demonic ancestry]
   316 | D:2      | Reached XP level 2. HP: 17/24 MP: 2/2
   477 | D:1      | Reached skill level 1 in Evocations
  1026 | D:2      | Gained mutation: You have a tail ending in a sharp stinger.
                  | [demonic ancestry]
  1026 | D:2      | Reached XP level 3. HP: 24/29 MP: 3/3
  1087 | D:2      | Reached skill level 1 in Shapeshifting
  1500 | D:2      | Noticed Terence
  1513 | D:2      | Killed Terence
  1514 | D:2      | Reached XP level 4. HP: 23/35 MP: 4/4
  2095 | D:3      | Found a glowing drain.
  2099 | Sewer    | Entered a sewer
  2206 | Sewer    | Found a shimmering altar of Xom.
  2209 | Sewer    | HP: 1/35 [acid (8)]
  2212 | Sewer    | Splashed by a jelly's acid

Illustrated notes

Levels and vault maps discovered:
D:1:      dpeg_arrival_tiny_i, layout_loops_ring, hangedman_decor_points,
          kennysheep_pointless_box
D:2:      layout_rooms, uniq_terence
D:3:      layout_loops_ring, nemelex_dance_club_becter, gup_sewer_entry_spiral,
          serial_glass, glass_columns_b, glass_columns_b
Sewer:    sewer_hellmonk_slimy_pipes

Skill      XL: |  1  2  3  4 |
---------------+-------------+-----
Evocations     | 1 2 |  2.1
Unarmed Combat | 3 |  3.5
Shapeshifting  | 1 |  1.6
Dodging        | 3 |  3.2
Fighting       | |  3.0

Action                     |  1- 3 |  4- 6 || total
---------------------------+-------+-------++-------
  Melee: Unarmed           |   118 |    68 ||   186
         Tailslap          |    10 |     7 ||    17
         Punch             |     1 |     1 ||     2
    Use: Scroll            |     1 |     4 ||     5
         Potion            |       |     1 ||     1
   Stab: Sleeping          |       |     1 ||     1
 Armour: Robe              |    58 |    30 ||    88
  Dodge: Dodged            |   111 |    35 ||   146
